AoeStats
← kV0t3

Arabia

510247077Analyzed
1v1 RM · 2d ago on Sep 30, 2026· 32m 13s· 2 players
Game mode
Random Map
Map size
Tiny (2 player)
Population
200
Speed
Normal
Resources
Standard
Victory
Conquest
Starting age
Dark Age
Ending age
Imperial Age
RankedLock teamsTeams togetherTeam positionsShared explorationLock speedFull tech treeHidden civsTurbo modeCheats
Victory
Defeat
🇨🇳 Chinese · China
1286
+17
🇦🇷 Maya · Argentina
1305
-17
PlatinumDisco
0:27 Loom
9:06 Feudal Age
9:38 Double-Bit Axe
11:17 Fletching
13:54 Horse Collar
15:31 Gold Mining
17:20 Padded Archer Armor
22:24 Castle Age
20:42 Scale Barding Armor
21:13 Forging
22:31 Bloodlines
23:22 Light Cavalry
24:02 Husbandry
23:25 Crossbowman
24:01 Bodkin Arrow
24:18 Bow Saw
26:22 Wheelbarrow
26:40 Leather Archer Armor
26:40 Stone Mining
27:25 Heavy Plow
30:26 Town Watch
kV0t3
0:25 Loom
8:52 Feudal Age
14:11 Double-Bit Axe
15:05 Fletching
15:46 Padded Archer Armor
21:49 Castle Age
20:36 Horse Collar
20:47 Gold Mining
21:55 Wheelbarrow
23:14 Bow Saw
23:05 Heavy Plow
24:22 Bodkin Arrow
25:49 Leather Archer Armor
26:18 Crossbowman
30:40 Ballistics
32:04 Thumb Ring
Connection lost

Rejoining the realm…

Still unreachable

The connection could not be restored.

Session expired

The server has moved on; the page needs a fresh start.